 Dungeon Crawl Stone Soup version 0.23-a0-635-g88ca12a (webtiles) character file.

614 Leeroy the Slasher (level 7, -6/51 HPs)
             Began as a Barachi Skald on Dec 27, 2018.
             Splashed by a jelly's acid (10 damage)
             ... on level 5 of the Dungeon.
             The game lasted 00:13:50 (4041 turns).

Leeroy the Slasher (Barachi Skald)                  Turns: 4041, Time: 00:13:51

Health: -6/51      AC:  0    Str: 14 (17) XL:     7   Next: 44%
Magic:  3/10       EV: 11    Int: 15      God:
Gold:   91         SH:  0    Dex:  7 (12) Spells: 1/10 levels left

rFire    . . .     SeeInvis .   c - +2 short sword (drain)
rCold    . . .     Gourm    .   (no shield)
rNeg     . . .     Faith    .   b - +0 leather armour
rPois    .         Spirit   .   (no helmet)
rElec    .         Reflect  .   k - +0 cloak
rCorr    .         Harm     .   (no gloves)
MR       .....                  (no boots)
Stlth    +.........             (no amulet)
HPRegen  0.17/turn              (no ring)
MPRegen  0.12/turn              (no ring)

@: mighty, corroded, very slightly contaminated, slow
A: +LOS, swims, slowness 1, strong legs 1
a: Hop


You were on level 5 of the Dungeon.
You were very hungry.

You visited 1 branch of the dungeon, and saw 5 of its levels.

You collected 181 gold pieces.
You spent 90 gold pieces at shops.

Inventory:

Hand Weapons
 a - a +0 falchion
 c - a +2 short sword of draining (weapon)
 m - a +0 dagger
 p - a +0 hunting sling
 s - a +0 hand axe
 v - a +0 hand axe
 A - a +2 dagger of venom
 C - a +0 war axe
 D - a +0 flail
 E - a +0 spear
 J - a +2 mace of crushing
Missiles
 j - 72 stones (quivered)
 x - 29 poisoned needles
 G - 39 arrows
Armour
 b - a +0 leather armour (worn)
 e - a +0 chain mail
 k - a +0 cloak (worn)
 q - a +0 scale mail
 F - a +0 ring mail
 I - a +0 ring mail
Wands
 B - a wand of acid (10)
Scrolls
 f - 2 scrolls of magic mapping {unknown}
 i - 3 scrolls of remove curse {unknown}
 n - 3 scrolls of enchant weapon {unknown}
 o - a scroll of blinking {unknown}
 r - 3 scrolls of identify {unknown}
 t - a scroll of amnesia {unknown}
 u - a scroll of immolation {unknown}
 w - a scroll of enchant armour {unknown}
 y - 6 scrolls of teleportation {unknown}
 z - a scroll of fog {unknown}
Potions
 h - a potion of degeneration
 l - a potion of flight
Comestibles
 d - 5 rations
 K - a chunk of flesh


   Skills:
 - Level 2.4 Fighting
 - Level 0.2(4.4) Short Blades
 * Level 7.9(8.0) Long Blades
 - Level 1.2 Armour
 - Level 2.1 Dodging
 - Level 2.1 Spellcasting
 * Level 4.1 Hexes
 - Level 4.0 Charms
 - Level 0.1 Necromancy


You had one spell level left.
You knew the following spells:

 Your Spells              Type           Power        Failure   Level  Hunger
a - Infusion              Chrm           ##..         5%          1    #......
b - Spectral Weapon       Hex/Chrm       ##......     16%         3    ###....
c - Regeneration          Chrm/Necr      #.........   34%         3    ###....
d - Slow                  Hex            ##......     8%          2    ###....

Your spell library contained the following spells:

 Spells                   Type           Power        Failure   Level  Hunger
 Magic Dart               Conj           #...         26%         1    #......
 Song of Slaying          Chrm           ##......     8%          2    ###....
 Shroud of Golubria       Chrm/Tloc      #.........   19%         2    ###....
 Blink                    Tloc           N/A          38%         2    ###....
 Call Imp                 Summ           #.......     38%         2    ###....
 Conjure Flame            Conj/Fire      #.......     63%         3    ###....
 Mephitic Cloud           Conj/Pois/Air  #.......     63%         3    ###....


Dungeon Overview and Level Annotations

Branches:
Dungeon (5/15)
 Temple: D:4-7

Altars:
Dithmenos
Wu Jian
Zin


Innate Abilities, Weirdness & Mutations

Shadows flee at your approach. (+LOS)
You can swim through water.
You cover ground slowly.
You can hop short distances.


Message History

* * * LOW HITPOINT WARNING * * *
The jelly is moderately wounded.
Your spectral weapon barely misses the jelly.
The jelly barely misses you.
The centaur shoots an arrow.
The arrow misses you.
Unknown command.
You hit the jelly.
Your hands burn!
* * * LOW HITPOINT WARNING * * *
The jelly is moderately wounded.
Your spectral weapon hits the jelly!
Your spectral weapon is burned by acid!
Your spectral weapon shares its damage with you!
* * * LOW HITPOINT WARNING * * *
The jelly closely misses you.
The centaur shoots an arrow.
The arrow barely misses you.
It was a potion of might.
You feel very mighty all of a sudden. The jelly hits you.
* * * LOW HITPOINT WARNING * * *
The acid corrodes you!
You are splashed with acid!
The acid burns!
You die...

#..#### #+##...# ...#.##
##.#..#.# ##....
#....##.## #....##
##..##....
#.....###......###
#......#..##..##⌠#
#....#...####..#_#
#######(.c.##.## ##....
#...((J@......# #..÷..
#.#####....#### #...∩.
#.# #....#########....
#.# ######......))....
#.##########.########.##
#.....J......###########
#.#########..##.....J...
#.#########
#..##.########
#.........######J.##.#


You could see a centaur, a jelly and a friendly spectral +2 short sword of
draining.

Vanquished Creatures
  2 scorpions
  A quasit (D:4)
  A centaur skeleton (D:3)
  An orc priest (D:5)
  6 orc wizards (D:4)
  3 iguanas (D:4)
  A worker ant (D:4)
  A howler monkey skeleton (D:4)
  4 adders
  3 worms
  2 dart slugs
  6 leopard geckos
  8 orcs
  4 ball pythons
  5 bats
  3 giant cockroaches
  4 goblins
  7 hobgoblins
  8 jackals
  12 kobolds
  2 quokkas
  8 frilled lizards
  11 rats
103 creatures vanquished.

Notes
Turn   | Place    | Note
-------+----------+-------------------------------------------
     0 | D:1      | Leeroy the Barachi Skald began the quest for the Orb.
     0 | D:1      | Reached XP level 1. HP: 17/17 MP: 3/3
    81 | D:1      | Reached XP level 2. HP: 11/23 MP: 5/5
   133 | D:1      | Reached skill level 3 in Long Blades
   359 | D:1      | Reached XP level 3. HP: 18/28 MP: 6/6
   364 | D:1      | Learned a level 3 spell: Spectral Weapon
   937 | D:2      | Reached skill level 4 in Long Blades
  1053 | D:2      | Reached XP level 4. HP: 18/34 MP: 7/7
  1058 | D:2      | Learned a level 3 spell: Regeneration
  1111 | D:2      | Found an ornate altar of the Wu Jian Council.
  1377 | D:3      | Reached skill level 5 in Long Blades
  1377 | D:3      | Reached skill level 1 in Hexes
  1377 | D:3      | Reached XP level 5. HP: 17/39 MP: 8/8
  2098 | D:3      | Found a shadowy altar of Dithmenos.
  2456 | D:4      | Reached skill level 6 in Long Blades
  2456 | D:4      | Reached XP level 6. HP: 46/46 MP: 9/9
  2773 | D:4      | Reached skill level 7 in Long Blades
  3012 | D:4      | Reached XP level 7. HP: 28/51 MP: 10/10
  3019 | D:4      | Learned a level 2 spell: Slow
  3740 | D:5      | Entered Level 5 of the Dungeon
  3897 | D:5      | Found Zin's Purification Station.
  3899 | D:5      | Found a glowing silver altar of Zin.
  3903 | D:5      | Bought a potion of curing for 90 gold pieces
  4041 | D:5      | Splashed by a jelly's acid

Vault maps used:
D:1:      noname_arrival_rooms_in_the_neighbourhood
D:2:      nicolae_overflow_hidden_temple, overflow_temple_1_default,
          minmay_crystal_water
D:3:      lemuel_round_altar, first_ration
D:4:      minmay_wonky_spiral
D:5:      overflow_temple_1_default, lemuel_crystal_altar, zin_purify,
          minmay_fractal_squares_gapless_5, uniq_blork_the_orc

Skill      XL: |  1  2  3  4  5  6  7 |
---------------+----------------------+-----
Long Blades    | 3 4 5 6 7 |  7.9
Charms         | 4 |  4.0
Hexes          | 1 2 3 4 |  4.1
Fighting       | |  2.4
Short Blades   | |  0.2
Armour         | |  1.2
Dodging        | |  2.1
Spellcasting   | |  2.1
Necromancy     | |  0.1

Action                   |  1- 3 |  4- 6 |  7- 9 || total
-------------------------+-------+-------+-------++-------
Melee: Falchion          |    25 |       |       ||    25
       Short sword       |    98 |   177 |    72 ||   347
Throw: Stone             |       |     4 |     5 ||     9
 Cast: Spectral Weapon   |     1 |     6 |     2 ||     9
       Regeneration      |       |     1 |     1 ||     2
       Slow              |       |       |     9 ||     9
 Abil: Hop               |       |     1 |       ||     1
  Use: Potion            |       |     3 |     3 ||     6
  Eat: Chunk             |     1 |     8 |     4 ||    13
Armor: Leather armour    |    30 |    35 |    29 ||    94
Dodge: Dodged            |   100 |    82 |    62 ||   244
       Rpst.: Falchion   |     5 |       |       ||     5

Table legend:
 A = Non-vault XP
 B = Vault XP
 C = Vault XP percentage of total XP
 D = Non-vault monster count
 E = Vault monster count
 F = Vault count percentage of total count
                 A         B        C        D         E       F
            +---------+---------+-------+---------+---------+-------
      Total |     763 |     115 |  13.1 |     100 |       3 |   2.9
            +---------+---------+-------+---------+---------+-------
        D:1 |      50 |       0 |   0.0 |      30 |       0 |   0.0
        D:2 |      59 |       0 |   0.0 |      20 |       0 |   0.0
        D:3 |     174 |       0 |   0.0 |      24 |       0 |   0.0
        D:4 |     355 |     115 |  24.5 |      20 |       3 |  13.0
        D:5 |     125 |       0 |   0.0 |       6 |       0 |   0.0
            +---------+---------+-------+---------+---------+-------
